 Dungeon Crawl Stone Soup version 0.17-a0-469-g696e5a1 (webtiles) character file.

761 Radiman the Digger (level 7, -2/36 HPs)
             Began as a Gargoyle Earth Elementalist on Apr 6, 2015.
             Was an Initiate of Vehumet.
             Killed from afar by an orc wizard (3 damage)
             ... with a puff of flame
             ... on level 5 of the Dungeon.
             The game lasted 00:25:17 (6705 turns).

Radiman the Digger (Gargoyle Earth Elementalist)    Turns: 6705, Time: 00:25:17

Health: -2/36      AC: 10    Str: 12    XL:     7   Next: 80%
Magic:  13/13      EV: 12    Int: 17    God:    Vehumet [......]
Gold:   248        SH:  0    Dex: 10    Spells: 3 memorised, 8 levels left

rFire  . . .     SeeInvis .     b - 114 stones
rCold  . . .     Clarity  .     c - +0 robe
rNeg   + . .     SustAb   .     (no shield)
rPois  ∞         Gourm    .     (no helmet)
rElec  +         Spirit   .     s - +2 cloak
rCorr  .         Warding  .     t - +0 pair of gloves (curse)
rMut   .         Stasis   .     (no boots)
MR     .....                    (no amulet)
Stlth  ++........               (no ring)
                                (no ring)

@: not resistant to hostile enchantments, unstealthy
A: negative energy resistance 1, electricity resistance, unbreathing,
petrification resistance, rot immunity, AC +4
a: Renounce Religion


You were on level 5 of the Dungeon.
You worshipped Vehumet.
Vehumet was noncommittal.
You were hungry.

You visited 2 branches of the dungeon, and saw 7 of its levels.

You collected 248 gold pieces.

Inventory:

Hand weapons
 u - a +0 mace
 A - a +0 blowgun
Missiles
 b - 114 stones (in hand)
 j - 27 poisoned needles
Armour
 c - a +0 robe (worn)
 s - a +2 cloak (worn)
 t - a cursed +0 pair of gloves (worn)
Magical devices
 z - a wand of magic darts (17)
Scrolls
 f - 3 scrolls of blinking {unknown}
 g - 5 scrolls of identify {unknown}
 h - 3 scrolls of fog {unknown}
 l - a scroll of enchant weapon {unknown}
 o - 2 scrolls of teleportation {unknown}
 r - 2 scrolls of enchant armour {unknown}
 w - a scroll of amnesia {unknown}
 y - a scroll of remove curse {unknown}
Potions
 e - a potion of brilliance {unknown}
 i - a potion of magic {unknown}
 k - 4 potions of restore abilities {unknown}
 p - a potion of cancellation {unknown}
 q - a potion of resistance {unknown}
 v - 2 potions of curing {unknown}
 x - 2 potions of heal wounds {unknown}
Books
 d - a book of Geomancy

   Spells                             Type                      Level
   a - Sandblast                      Earth                        1
   b - Stoneskin                      Transmutation/Earth          2
   c - Passwall                       Transmutation/Earth          3
   d - Stone Arrow                    Conjuration/Earth            3
   e - Petrify                        Transmutation/Earth          4
   f - Lee's Rapid Deconstruction     Earth                        5
Comestibles
 a - 2 bread rations
 n - 2 meat rations


   Skills:
 - Level 1.5 Dodging
 - Level 2.1 Stealth
 + Level 4.3 Spellcasting
 * Level 4.4 Conjurations
 - Level 0.7 Transmutations
 * Level 7.7 Earth Magic


You had 8 spell levels left.
You knew the following spells:

 Your Spells              Type           Power        Failure   Level  Hunger
a - Sandblast             Erth           ####..       1%          1    None
b - Stoneskin             Trmt/Erth      ###.....     4%          2    ##.....
c - Stone Arrow           Conj/Erth      ###...       4%          3    ###....


Dungeon Overview and Level Annotations

Branches:
Dungeon (6/15)             Temple (1/1) D:5

Altars:
Ashenzari
Cheibriados
Dithmenos
Fedhas
Gozag
Kikubaaqudgha
Makhleb
Nemelex Xobeh
Okawaru
Qazlal
Ru
Sif Muna
Trog
Vehumet
Xom
Yredelemnul


Innate Abilities, Weirdness & Mutations

You are resistant to torment.
Your stone body is resilient (AC +4).
You are immune to poison.
You resist negative energy.
You are resistant to electric shocks.
You can survive without breathing.
You are immune to petrification.
You are immune to rotting.


Message History

A puff of frost appears from out of thin air!
The puff of frost misses you.
You climb upwards.
There is a stone staircase leading down here.
You clumsily bash something but do no damage.
Something hits you but does no damage. x2
You barely miss something. Something hits you.
* * * LOW HITPOINT WARNING * * *
Something hits you but does no damage.
You clumsily bash something but do no damage.
Something hits you but does no damage. x2
Something hits you.
* * * LOW HITPOINT WARNING * * *
You clumsily bash something but do no damage.
Something hits you but does no damage. x2
You closely miss something.
An orc wizard appears from thin air!
Reactivating autopickup.
The orc wizard gestures at you while chanting.
The puff of flame hits you!
You die...

#..........)........#####'###+###
...#+##+####'###+#...............
...+.............#...............
...#.............#...............
...#.............+...............
...#.............#...............
...#.##+##.#####+#...............
..##+##.##.#.......#############'
..'..#.....#....@..# #...
..#..#.....#.....o.# #...
..#..#.....#.......# #...
..#..'.....#.......# #...
..#..#..<..'.......# #...
..##########.......# #### ###
#########


You could see an orc wizard.

Vanquished Creatures
  An orc warrior (D:6)
  A black bear (D:5)
  A giant frog (D:5)
  2 hounds (D:4)
  An orc priest (D:6)
  2 iguanas
  Ijyb (D:2)
  An orc wizard (D:5)
  A worker ant (D:4)
  8 adders
  5 gnolls
  2 worms
  5 giant geckos
  3 oozes
  7 orcs
  10 bats
  2 bat skeletons
  7 giant cockroaches
  19 goblins
  10 hobgoblins
  6 jackals (D:1)
  10 kobolds
  4 quokkas
  3 ball pythons
  A giant gecko skeleton (D:5)
  3 giant newts
  11 rats
127 creatures vanquished.

Notes
Turn   | Place    | Note
--------------------------------------------------------------
     0 | D:1      | Radiman, the Gargoyle Earth Elementalist, began the quest for the Orb.
     0 | D:1      | Reached XP level 1. HP: 10/10 MP: 3/3
   149 | D:1      | Reached skill level 4 in Earth Magic
   217 | D:1      | Reached XP level 2. HP: 15/15 MP: 3/5
   221 | D:1      | Learned a level 2 spell: Stoneskin
  1171 | D:1      | Reached XP level 3. HP: 19/19 MP: 4/6
  1611 | D:2      | Reached skill level 5 in Earth Magic
  1626 | D:2      | Learned a level 3 spell: Stone Arrow
  1760 | D:2      | Noticed Ijyb
  1806 | D:2      | Killed Ijyb
  1806 | D:2      | Reached XP level 4. HP: 18/24 MP: 0/8
  1994 | D:2      | Found a sacrificial altar of Ru.
  1994 | D:2      | Found a sparkling altar of Nemelex Xobeh.
  1994 | D:2      | Found a burning altar of Makhleb.
  2050 | D:2      | Found a shattered altar of Ashenzari.
  2464 | D:2      | Reached XP level 5. HP: 25/28 MP: 3/9
  3612 | D:3      | Reached skill level 1 in Conjurations
  3832 | D:4      | Reached skill level 6 in Earth Magic
  4190 | D:4      | Reached XP level 6. HP: 32/32 MP: 7/11
  4859 | D:5      | Entered Level 5 of the Dungeon
  5356 | D:5      | Reached skill level 7 in Earth Magic
  5356 | D:5      | Reached XP level 7. HP: 28/36 MP: 6/13
  5519 | D:5      | Found a staircase to the Ecumenical Temple.
  5531 | Temple   | Entered the Ecumenical Temple
  5608 | Temple   | Became a worshipper of Vehumet
  6703 | D:5      | HP: 1/36 [something (2)]
  6705 | D:5      | Killed from afar by an orc wizard

Action                   |  1- 3 |  4- 6 |  7- 9 || total
-------------------------+-------+-------+-------++-------
Melee: Unarmed           |    69 |     9 |       ||    78
       Mace              |       |     1 |       ||     1
 Cast: Sandblast         |    76 |   204 |    46 ||   326
  Eat: Chunk             |     3 |    11 |     4 ||    18
